Map: Goldenaura LE

Players

A.I. 1 (Very Easy)

  • Race: Terran Terran
  • Spawn Location: 5:00

Subwayeatn - Winner!

  • Race: Zerg Zerg
  • League: Platinum
  • Spawn Location: 12:00

VOD

Have the link to the VOD?

Description

Time

  • Played on: Oct. 28, 2023, 6:16 p.m.
  • Length: 7:11
Show
View Real Time Build Order
Export as new Build Order

A.I. 1 (Very Easy) Terran 

Build Orders: Reaper Expand 

Get SALT Encoding   

  12  0:00  SCV  
  13  0:13  SCV  
  14  0:18  Supply Depot  
  14  0:42  Barracks  
  14  1:03  Command Center  
  14  1:28  Orbital Command, Marine  
  14  1:32  Supply Depot  
  15  1:39  Refinery  
  15  1:49  Refinery  
  15  1:54  SCV  
  16  2:06  SCV  
  17  2:17  Reaper  
  17  2:18  SCV  
  17  2:20  SCV  
  20  2:30  SCV  
  20  2:34  SCV  
  22  2:42  SCV  
  23  2:48  SCV  
  23  2:49  Refinery  
  24  2:55  SCV  
  25  3:01  Marine  
  25  3:03  SCV  
  27  3:10  SCV  
  28  3:16  Factory  
  28  3:17  SCV  
  29  3:37  Refinery  
  29  3:40  SCV  
  30  3:44  Marine  
  30  3:47  SCV  
  32  3:52  Supply Depot  
  32  3:54  SCV  
  33  4:02  SCV, Starport  
  34  4:09  SCV  
  35  4:16  SCV  
  36  4:23  SCV  
  37  4:28  Reaper  
  37  4:30  SCV  
  39  4:34  Supply Depot  
  39  4:37  SCV  
  40  4:41  Starport Tech Lab  
  40  4:44  SCV  
  41  4:52  SCV  
  42  4:59  SCV  
  43  5:00  Raven  
  43  5:06  SCV  
  46  5:11  Marine  
  46  5:13  SCV  
  48  5:34  Raven  
  44  5:55  Marine  
  45  6:12  SCV, Supply Depot  
  28  6:24  Viking  
  30  6:27  SCV  
  30  6:39  SCV  
  13  6:43  Command Center  
  9  6:51  SCV  
Show
View Real Time Build Order
Export as new Build Order

Subwayeatn Zerg - Winner!

Build Orders: Pool First 

Get SALT Encoding   

  12  0:18  Spawning Pool  
  11  0:21  Drone  
  11  0:26  Drone  
  13  0:31  Drone  
  14  0:40  Overlord  
  14  1:05  Zergling x2  
  14  1:08  Hatchery  
  14  1:13  Zergling x2  
  14  1:17  Zergling x2  
  16  1:21  Zergling x2  
  17  1:28  Zergling x2  
  18  1:36  Queen  
  20  1:43  Drone  
  21  1:48  Drone  
  22  2:22  Queen  
  24  2:28  Drone x4  
  28  2:31  Overlord  
  28  2:41  Extractor  
  27  2:45  Drone  
  28  3:00  Hatchery  
  27  3:10  Drone x5  
  32  3:15  Overlord  
  32  3:21  Drone x2  
  32  3:23  Drone  
  35  3:33  Queen  
  37  3:35  Drone x2  
  37  3:38  Drone  
  40  3:46  Drone x2  
  42  3:56  Drone  
  43  4:04  Zergling x2  
  44  4:16  Overlord  
  44  4:19  Queen  
  44  4:23  Zergling x2  
  47  4:24  Zergling x6  
  47  4:25  Metabolic Boost  
  50  4:37  Zergling x2  
  50  4:38  Zergling x14  
  58  4:45  Overlord  
  58  4:46  Overlord x2  
  58  5:01  Evolution Chamber  
  58  5:02  Evolution Chamber  
  56  5:09  Extractor  
  56  5:11  Zergling x2  
  56  5:12  Zergling x20  
  66  5:27  Drone x3  
  64  5:54  Overlord x2  
  64  5:57  Drone x3  
  67  6:05  Zergling x14  
  67  6:06  Zergling x12  
Tags
 
Add a new tag
Caveats
  • Supply blocks, unpowered buildings, or Contaminate may cause inaccurate times.
  • Supply counts are checked every 10 seconds.